 Dungeon Crawl Stone Soup version 0.24-a0-169-g71aafec (webtiles) character file.

Game seed: 11900759214290046750

154691 Ijustatesigmund the Warrior (level 17, -10/115 HPs)
             Began as a Gargoyle Fighter on Mar 6, 2019.
             Was a High Priest of Okawaru.
             Killed from afar by a crystal guardian (35 damage)
             ... with a crystal bolt
             ... in the Desolation of Salt on Mar 7, 2019.
             The game lasted 01:15:38 (26681 turns).

Ijustatesigmund the Warrior (Gargoyle Fighter)     Turns: 26681, Time: 01:15:38

Health: -10/115    AC: 60    Str: 27    XL:     17   Next: 63%
Magic:  0/26       EV: 16    Int: 13    God:    Okawaru [*****.]
Gold:   283        SH: 15    Dex: 14    Spells: 16/16 levels left

rFire    . . .     SeeInvis +   S - +5 morningstar (protect)
rCold    + . .     Gourm    .   G - +2 buckler {AC+3}
rNeg     + + .     Faith    .   V - +8 chain mail of Fortitude {Str+2}
rPois    ∞         Spirit   +   E - +2 hat of the Bear Spirit {Spirit, +Rage rN+ MR++}
rElec    +         Reflect  +   A - +2 cloak
rCorr    .         Harm     .   c - +0 pair of gloves {Str+3}
MR       +++..                  X - +1 pair of boots {Fly}
Stlth    ..........             C - +5 amulet of reflection
HPRegen  0.29/turn              Y - +5 ring of protection
MPRegen  0.20/turn              i - ring of the Will of the Gods {+Blink Str+2 SInv}

@: heroism, finesse, protection aura, very slightly contaminated
A: big wings, clever 1, cold resistance 1, negative energy resistance 1,
electricity resistance, unbreathing, petrification resistance, rot immunity, AC
+12
a: Fly, Heroism, Finesse, Renounce Religion, Evoke Blink, Evoke Berserk Rage,
Evoke Flight


You were in the Desolation of Salt.
You worshipped Okawaru.
Okawaru was extremely pleased with you.
You were not hungry.

You visited 7 branches of the dungeon, and saw 27 of its levels.
You visited the Abyss 1 time.
You also visited: Ice Cave, Volcano and Desolation.

You collected 2788 gold pieces.
You spent 2505 gold pieces at shops.

Inventory:

Hand Weapons
 K - a +5 flail
 S - a +5 morningstar of protection (weapon)
Armour
 b - a +0 crystal plate armour
 c - a +0 pair of gloves of strength (worn)
 A - a +2 cloak (worn)
 E - the +2 hat of the Bear Spirit (worn) {Spirit, +Rage rN+ MR++}
   (You bought it in a shop on level 2 of the Orcish Mines)

   It protects you from negative energy.
   It affects your resistance to hostile enchantments.
   It lets you go berserk.
 G - a +2 buckler of protection (worn)
 U - +0 fire dragon scales
 V - the +8 chain mail of Fortitude (worn) {Str+2}
   (Okawaru gifted it to you on level 14 of the Dungeon)

   It affects your strength (+2).
 X - a +1 pair of boots of flying (worn)
Jewellery
 g - a +2 ring of slaying
 i - the ring of the Will of the Gods (right hand) {+Blink Str+2 SInv}
   (You found it on level 1 of the Depths)

   [ring of see invisible]

   It affects your strength (+2).
   It lets you see invisible.
   It lets you blink.
 k - an uncursed ring of protection from fire
 v - an uncursed ring of positive energy
 C - a +5 amulet of reflection (around neck)
 F - an uncursed ring of fire
 Q - an uncursed ring of protection from cold
 R - an uncursed ring of protection from cold
 T - an uncursed amulet of regeneration
 Y - a +5 ring of protection (left hand)
 Z - an uncursed ring of resist corrosion
Wands
 m - a wand of digging (6)
 o - a wand of iceblast (22)
 u - a wand of disintegration (37)
 D - a wand of clouds (6)
 H - a wand of polymorph (9)
 L - a wand of acid (25)
 O - a wand of enslavement (16)
 P - a wand of scattershot (19)
Scrolls
 a - 6 scrolls of identify
 d - 3 scrolls of immolation
 j - 7 scrolls of amnesia
 l - 13 scrolls of remove curse
 w - a scroll of blinking
 x - 3 scrolls of fog
 y - 2 scrolls of teleportation
Potions
 e - 10 potions of curing
 h - 3 potions of heal wounds
 p - a potion of cancellation
 q - 2 potions of invisibility
 r - 5 potions of brilliance
 s - a potion of magic
 t - 3 potions of agility
 z - 3 potions of berserk rage
 I - a potion of resistance
 M - 2 potions of might
 N - 4 potions of haste
Comestibles
 f - 30 rations


   Skills:
 - Level 16.1(21.1) Fighting
 - Level 15.6(20.6) Maces & Flails
 - Level 13.2(18.2) Armour
 - Level 7.1(12.1) Dodging
 - Level 10.0(15.0) Shields
 - Level 13.1 Invocations
 + Level 8.6 Evocations


You had 16 spell levels left.
You didn't know any spells.
Your spell library contained the following spells:

 Spells                   Type           Power        Failure   Level  Hunger
 Animate Skeleton         Necr           N/A          67%         1    ##.....
 Magic Dart               Conj           #...         67%         1    ##.....
 Pain                     Necr           #...         67%         1    ##.....
 Summon Small Mammal      Summ           #...         67%         1    ##.....
 Blink                    Tloc           N/A          82%         2    ###....
 Call Imp                 Summ           #.......     82%         2    ###....
 Slow                     Hex            #.......     82%         2    ###....
 Call Canine Familiar     Summ           #.......     96%         3    ####...
 Conjure Flame            Conj/Fire      #.......     96%         3    ####...
 Ignite Poison            Fire/Tmut/Pois #.......     96%         3    ####...
 Mephitic Cloud           Conj/Pois/Air  #.......     96%         3    ####...
 Recall                   Summ/Tloc      N/A          96%         3    ####...
 Regeneration             Chrm/Necr      #.........   96%         3    ####...
 Summon Guardian Golem    Hex/Summ       #.......     96%         3    ####...
 Vampiric Draining        Necr           #.........   96%         3    ####...
 Animate Dead             Necr           N/A          100%        4    #####..
 Cause Fear               Hex            #.........   100%        4    #####..
 Ice Form                 Ice/Tmut       #.......     100%        4    #####..
 Sticky Flame             Conj/Fire      #.......     100%        4    #####..
 Summon Ice Beast         Ice/Summ       #.......     100%        4    #####..
 Summon Lightning Spire   Summ/Air       #.......     100%        4    #####..
 Borgnjor's Vile Clutch   Necr/Erth      #.........   100%        5    ######.
 Fireball                 Conj/Fire      #.........   100%        5    ######.
 Metabolic Englaciation   Hex/Ice        #.........   100%        5    ######.
 Silence                  Hex/Air        #.........   100%        5    ######.
 Yara's Violent Unravell  Hex/Tmut       #.........   100%        5    ######.
 Bolt of Cold             Conj/Ice       #.........   100%        6    #######
 Bolt of Fire             Conj/Fire      #.........   100%        6    #######
 Death Channel            Necr           #.........   100%        6    #######
 Deflect Missiles         Chrm/Air       #.........   100%        6    #######
 Freezing Cloud           Conj/Ice/Air   #.........   100%        6    #######
 Ozocubu's Refrigeration  Ice            #.........   100%        6    #######
 Shadow Creatures         Summ           N/A          100%        6    #######
 Simulacrum               Ice/Necr       #.........   100%        6    #######
 Ring of Flames           Chrm/Fire      #.........   100%        7    #######
 Discord                  Hex            #.........   100%        8    #######
 Ignition                 Fire           #.........   100%        8    #######


Dungeon Overview and Level Annotations

Branches:
Dungeon (15/15)            Temple (1/1) D:6            Lair (6/6) D:10
 Shoals (0/4) Lair:3        Snake (1/4) Lair:4        Slime (0/5) Lair:5
    Orc (2/2) D:10            Elf (1/3) Orc:2        Vaults (0/5) D:14
 Depths (1/5) D:15

Altars:
Ashenzari
Cheibriados
Dithmenos
Elyvilon
Fedhas
Gozag
Hepliaklqana
Kikubaaqudgha
Makhleb
Nemelex Xobeh
Okawaru
Qazlal
Ru
Sif Muna
Trog
Uskayaw
Vehumet
Wu Jian
Xom
Yredelemnul
Zin
The Shining One

Shops:
D:10 =   Orc:2 }=*?*![[   Depths:1 :[

Annotations:
D:4 2 transporters, Enish's ghost, amateur DrTm
Elf:1 Donald
Depths:1 Asterion


Innate Abilities, Weirdness & Mutations

You are resistant to torment.
Your stone body is resilient. (AC +12)
You are immune to poison.
Your large and strong wings let you fly indefinitely.
You resist negative energy. (rN+)
You are resistant to electric shocks. (rElec)
You can survive without breathing.
You are immune to petrification.
You are immune to rotting.
Your mind is acute. (Int +2)
Your flesh is cold resistant. (rC+)


Message History

You block the servant of whispers's attack.
You block the saltling's attack.
You hit the crystal guardian but do no damage.
You hit the crystal guardian but do no damage.
The peacekeeper bites you. You block the peacekeeper's attack.
The saltling hits you! You block the saltling's attack.
The saltling closely misses you. The crystal guardian hits you!!
* * * LOW HITPOINT WARNING * * *
A crystal guardian comes into view.
The saltling hits you but does no damage.
The servant of whispers hits you but does no damage.
The ironbrand convoker points at the saltling and mumbles some strange words.
The saltling seems to grow stronger.
Blink to where?
Press: ? - help, Dir - move target cursor You are very lightly contaminated with residual magic.
As you read the scroll of blinking, it crumbles to dust.
The crystal guardian fires a crystalline bolt at you.
The crystal bolt burns you!!!
You die...

...................
.....................
......................
........#.#...........
.........#............
.....................
..................#
................#...
............@.......
..##.............##. .
#..............##.
...................
...................
.........8).......
##..#.8p.888..##.
.......8.p..#
.#..#.8.8.....8


You could see 2 servants of whispers, a crystal guardian, a peacekeeper and 4
saltlings.

Vanquished Creatures
  Nikola (Depths:1)
  Rupert (D:15)
  Gastronok (D:8)
  Kirke (Lair:4)
  Roxanne (D:15)
  Aizul (Elf:1)
  An orc warlord (Orc:1)
  A frost giant (IceCv)
  3 stone giants
  A dire elephant (Lair:6)
  An ettin (Depths:1)
  The ghost of Jestus the Grappler, a journeyman TrMo (Lair:2)
  3 fire dragons
  3 great orbs of eyes (Depths:1)
  3 ice dragons
  2 naga warriors (Snake:1)
  2 catoblepae (Lair:6)
  8 vault guards (D:14)
  9 hydras
  Erica (Orc:1)
  4 centaur warriors
  8 two-headed ogres
  4 dancing weapons (Elf:1)
  A deep troll shaman (Lair:6)
  An ogre mage (Depths:1)
  11 death yaks
  3 deep troll earth magi (Depths:1)
  2 tengu warriors
  6 orc high priests
  3 thrashing horrors (Abyss:2)
  A storm dragon zombie (Depths:1)
  2 deep elf knights
  A sixfirhy (Abyss:2)
  2 deep trolls (Depths:1)
  5 unseen horrors
  A glowing orange brain (Depths:1)
  An ironbrand convoker (Desolation)
  A flayed ghost (Depths:1)
  2 necromancers
  2 wizards
  A lindwurm (Lair:4)
  An obsidian statue (Volcano)
  7 orc knights
  A wolf spider zombie (D:13)
  8 orc sorcerers
  3 manticores
  A salamander (shapeshifter) (D:14)
  13 ugly things
  7 cyclopes
  11 deep elf magi
  6 black mambas
  8 elephants
  A torpor snail (Lair:6)
  5 centaur zombies
  A rust devil (Abyss:2)
  Psyche (D:8)
  3 gargoyles
  An ice statue (Lair:4)
  2 guardian serpents (Snake:1)
  A spriggan zombie (Depths:1)
  6 komodo dragons
  8 spiny frogs
  An orange demon (Abyss:2)
  3 rime drakes
  2 efreet
  A freezing wraith (Lair:4)
  2 tengu conjurers (D:13)
  A yaktaur (Depths:1)
  An ancient zyme (Abyss:2)
  18 polar bears
  2 hornets
  6 trolls
  9 blink frogs
  2 slime creatures (Lair:5)
  5 saltlings (Desolation)
  11 raiju (Abyss:2)
  7 dream sheep
  9 hippogriffs
  2 vampires (D:14)
  5 starcursed masses (Abyss:2)
  A centaur simulacrum (D:15)
  3 wraiths
  4 fire bats (Volcano)
  2 water elementals
  6 basilisks
  A small abomination (Abyss:2)
  A neqoxec (Abyss:2)
  3 wyverns
  3 hungry ghosts
  Eustachio (D:6)
  2 large abominations (Abyss:2)
  39 yaks
  A hog (Lair:5)
  The ghost of Wired the Skirmisher, an amateur DsMo of Yredelemnul (D:5)
  2 steam dragons
  3 vampire mosquitoes (D:15)
  4 nagas (Snake:1)
  3 wargs (Orc:1)
  5 hell hounds (Abyss:2)
  A soldier ant (D:14)
  Duvessa (D:7)
  5 porcupines
  16 water moccasins
  4 ice beasts
  2 black bears
  31 orc warriors
  2 elephant zombies (Lair:3)
  An eye of draining (shapeshifter) (Depths:1)
  5 sky beasts
  28 wolves
  A necrophage (D:6)
  An eye of draining (D:12)
  11 ogres
  A hornet zombie (D:15)
  A phantom (D:7)
  18 centaurs
  8 crocodiles
  A komodo dragon zombie (Lair:3)
  5 big kobolds
  17 bullfrogs
  A gnoll sergeant (D:8)
  2 wyvern zombies
  2 earth elementals (Volcano)
  A wyvern skeleton (D:12)
  Dowan (D:7)
  2 scorpions
  7 killer bees
  A howler monkey (D:11)
  5 electric eels
  A vampire bat (Lair:3)
  13 crimson imps
  7 lava snakes (Volcano)
  2 quasits
  A bullfrog zombie (D:5)
  A basilisk zombie (Lair:3)
  18 hounds
  2 bullfrog skeletons
  3 centaur skeletons
  16 orc priests
  6 jellies
  A gnoll shaman (D:7)
  2 iguanas
  Ijyb (D:4)
  Natasha (thrice) (D:2)
  19 orc wizards
  8 hell rats
  11 worker ants
  2 hound zombies
  2 hound skeletons (D:4)
  A worker ant zombie (D:8)
  Robin (D:2)
  2 howler monkey skeletons
  8 adders
  8 gnolls
  4 shadow imps
  An ufetubus (Abyss:2)
  An ooze (D:5)
  2 adder skeletons
  A worm (D:2)
  2 dart slugs
  8 leopard geckos
  76 orcs
  8 giant cockroaches
  18 goblins
  5 hobgoblins
  6 jackals
  10 quokkas
  A ball python (D:4)
  17 bats
  3 frilled lizards
  9 kobolds
  A leopard gecko zombie (D:2)
  2 quokka skeletons
  12 rats
  A fungus (Lair:4)
883 creatures vanquished.

Vanquished Creatures (others)
  A dream sheep (Lair:3)
  A yak (IceCv)
  A warg (D:15)
  4 centaurs
  A wolf (IceCv)
  A tengu zombie (Depths:1)
  An orc priest (Orc:2)
  2 orcs
  2 fungi
  5 plants
19 creatures vanquished.

Grand Total: 902 creatures vanquished

Notes
Turn   | Place    | Note
-------+----------+-------------------------------------------
     0 | D:1      | Ijustatesigmund the Gargoyle Fighter began the quest for
                  | the Orb.
     0 | D:1      | Reached XP level 1. HP: 14/14 MP: 1/1
   183 | D:1      | Reached XP level 2. HP: 19/19 MP: 2/2
   892 | D:1      | Reached XP level 3. HP: 20/24 MP: 3/3
  1027 | D:2      | Noticed Robin
  1055 | D:2      | Killed Robin
  1318 | D:2      | Reached skill level 4 in Fighting
  1363 | D:2      | Reached XP level 4. HP: 29/29 MP: 4/4
  1451 | D:2      | Noticed Natasha
  1461 | D:2      | Killed Natasha
  1593 | D:2      | Found a shattered altar of Ashenzari.
  1652 | D:2      | Noticed Natasha
  1657 | D:2      | Killed Natasha
  1657 | D:2      | Reached XP level 5. HP: 32/34 MP: 5/5
  1712 | D:2      | Noticed Natasha
  1719 | D:2      | Killed Natasha
  2194 | D:3      | Found a sacrificial altar of Ru.
  2408 | D:4      | Noticed an ogre
  2411 | D:4      | Found a transporter.
  2414 | D:4      | Killed an ogre
  2414 | D:4      | Reached skill level 5 in Fighting
  2414 | D:4      | Reached skill level 5 in Maces & Flails
  2414 | D:4      | Reached XP level 6. HP: 40/40 MP: 6/6
  2420 | D:4      | Noticed a wyvern
  2424 | D:4      | Found an ancient bone altar of Kikubaaqudgha.
  2424 | D:4      | Found a stormy altar of Qazlal.
  2424 | D:4      | Found a hazy altar of Hepliaklqana.
  2428 | D:4      | Found a transporter.
  2434 | D:4      | Killed a wyvern
  2439 | D:4      | Reached XP level 7. HP: 32/44 MP: 7/7
  2545 | D:4      | Found a transporter.
  2545 | D:4      | Noticed Enish's ghost (amateur DrTm)
  2553 | D:4      | Found a transporter.
  2834 | D:4      | Reached skill level 6 in Fighting
  2939 | D:4      | Noticed Ijyb
  2939 | D:4      | Paralysed by Ijyb for 3 turns
  2952 | D:4      | Paralysed by Ijyb for 4 turns
  2958 | D:4      | Paralysed by Ijyb for 2 turns
  2962 | D:4      | Killed Ijyb
  3287 | D:5      | Entered Level 5 of the Dungeon
  3678 | D:5      | Gained mutation: Your mind is acute. (Int +2) [potion of
                  | mutation]
  3678 | D:5      | Gained mutation: Your flesh is cold resistant. (rC+)
                  | [potion of mutation]
  3679 | D:5      | Found a large runed translucent door.
  3680 | D:5      | Noticed Wired's ghost (amateur DsMo)
  3691 | D:5      | Reached XP level 8. HP: 52/52 MP: 8/8
  3693 | D:5      | Found a large runed translucent door.
  3718 | D:5      | Killed Wired's ghost
  3930 | D:6      | Noticed Eustachio
  3935 | D:6      | Killed Eustachio
  3938 | D:6      | Reached skill level 7 in Fighting
  4088 | D:6      | Found a staircase to the Ecumenical Temple.
  4142 | Temple   | Entered the Ecumenical Temple
  4166 | Temple   | Became a worshipper of Warmaster Okawaru
  4235 | D:6      | Reached skill level 1 in Dodging
  4468 | D:6      | Reached XP level 9. HP: 54/57 MP: 9/9
  4497 | D:7      | Found a glowing silver altar of Zin.
  4983 | D:7      | Reached * piety under Okawaru
  5187 | D:7      | Noticed Duvessa
  5187 | D:7      | Noticed Dowan
  5189 | D:7      | Noticed a two-headed ogre
  5201 | D:7      | Killed Dowan
  5221 | D:7      | Killed a two-headed ogre
  5221 | D:7      | Reached skill level 8 in Fighting
  5221 | D:7      | Reached skill level 5 in Armour
  5221 | D:7      | Reached skill level 5 in Shields
  5235 | D:7      | Killed Duvessa
  5256 | D:7      | Reached ** piety under Okawaru
  5766 | D:8      | Noticed Psyche
  5778 | D:8      | Killed Psyche
  5778 | D:8      | Reached XP level 10. HP: 65/65 MP: 8/10
  5848 | D:8      | Found a hide-covered altar of Uskayaw.
  5851 | D:8      | Found an ornate altar of the Wu Jian Council.
  5884 | D:8      | Noticed Gastronok
  5912 | D:8      | Killed Gastronok
  5912 | D:8      | Reached *** piety under Okawaru
  5912 | D:8      | Reached **** piety under Okawaru
  5912 | D:8      | Reached skill level 9 in Fighting
  6413 | D:8      | Found a bloodstained altar of Trog.
  6644 | D:9      | Reached ***** piety under Okawaru
  6668 | D:9      | Reached XP level 11. HP: 66/71 MP: 11/11
  6697 | D:9      | Found a stormy altar of Qazlal.
  6803 | D:9      | Found a burning altar of Makhleb.
  6845 | D:9      | Reached skill level 10 in Armour
  6922 | D:9      | Noticed a two-headed ogre
  6937 | D:9      | Killed a two-headed ogre
  7295 | D:9      | Noticed a two-headed hydra
  7301 | D:9      | Killed a two-headed hydra
  7389 | D:9      | Noticed a cyclops
  7397 | D:9      | Noticed a two-headed ogre
  7405 | D:9      | Killed a cyclops
  7411 | D:9      | Killed a two-headed ogre
  7540 | D:10     | Entered Level 10 of the Dungeon
  7541 | D:10     | Found Lotrehom's Jewellery Emporium.
  7541 | D:10     | Found a staircase to the Lair.
  7564 | D:10     | Received a gift from Okawaru
  7679 | D:10     | Bought a +5 amulet of reflection for 494 gold pieces
  7801 | D:10     | Reached skill level 1 in Invocations
  7830 | D:10     | Found a staircase to the Orcish Mines.
  8285 | D:10     | Noticed a cyclops
  8305 | D:10     | Killed a cyclops
  8475 | D:11     | Noticed a white ugly thing
  8496 | D:11     | Killed a white ugly thing
  8533 | D:11     | Noticed a two-headed ogre
  8549 | D:11     | Noticed a two-headed ogre
  8558 | D:11     | Killed a two-headed ogre
  8558 | D:11     | Reached XP level 12. HP: 36/76 MP: 10/14
  8905 | D:11     | Killed a two-headed ogre
  9421 | D:12     | Reached ****** piety under Okawaru
  9421 | D:12     | Received a gift from Okawaru
  9421 | D:12     | Reached skill level 10 in Maces & Flails
  9591 | D:12     | Noticed a two-headed ogre
  9613 | D:12     | Killed a two-headed ogre
  9638 | D:12     | Found a frozen archway.
  9647 | IceCv    | Entered an ice cave
  9876 | IceCv    | Reached skill level 5 in Invocations
 10143 | IceCv    | Reached skill level 5 in Dodging
 10243 | IceCv    | Reached skill level 10 in Fighting
 10697 | IceCv    | Noticed a death yak
 10697 | IceCv    | Noticed a frost giant
 10727 | IceCv    | Killed a death yak
 10744 | IceCv    | Killed a frost giant
 10744 | IceCv    | Reached XP level 13. HP: 72/83 MP: 12/17
 11318 | D:12     | Got a distressingly furry scale mail
 11763 | D:12     | Found a shadowy altar of Dithmenos.
 11770 | D:12     | Received a gift from Okawaru
 11976 | D:12     | Upgraded the game from 0.24-a0-164-g56e1b8f to
                  | 0.24-a0-169-g71aafec
 11986 | D:12     | Identified the +1 scale mail of an ossuary {SInv} (You
                  | found it on level 12 of the Dungeon)
 12076 | D:13     | Reached skill level 11 in Fighting
 12535 | D:13     | Received a gift from Okawaru
 12894 | Lair:1   | Entered Level 1 of the Lair of Beasts
 12932 | Lair:1   | You fall through a shaft!
 12965 | Lair:1   | Received a gift from Okawaru
 13137 | Lair:1   | Gained mutation: Your large and strong wings let you fly
                  | indefinitely. [Gargoyle growth]
 13137 | Lair:1   | Reached XP level 14. HP: 84/91 MP: 20/20
 13878 | Lair:2   | Reached skill level 1 in Evocations
 13880 | Lair:2   | Found a large runed translucent door.
 13881 | Lair:2   | Found a large runed translucent door.
 13883 | Lair:2   | Noticed Jestus's ghost (journeyman TrMo)
 14053 | Lair:2   | Found a shattered altar of Ashenzari.
 14208 | Lair:2   | Reached skill level 12 in Fighting
 14516 | Lair:2   | Killed Jestus's ghost
 14590 | Lair:3   | Found a staircase to the Shoals.
 15511 | Lair:4   | Found a staircase to the Snake Pit.
 15836 | Lair:4   | Got a crystal mace
 15969 | Lair:4   | Reached skill level 10 in Invocations
 16099 | Lair:4   | Found a dark tunnel.
 16104 | Volcano  | Entered a volcano
 16122 | Volcano  | Received a gift from Okawaru
 16269 | Volcano  | Noticed a stone giant
 16270 | Volcano  | Found a burning altar of Makhleb.
 16283 | Volcano  | Killed a stone giant
 17075 | Snake:1  | Entered Level 1 of the Snake Pit
 17466 | Lair:5   | Noticed Kirke
 17804 | Lair:5   | Received a gift from Okawaru
 18048 | Lair:5   | Reached XP level 15. HP: 90/97 MP: 22/22
 18057 | Lair:5   | Reached skill level 13 in Fighting
 18092 | Lair:5   | Reached skill level 5 in Evocations
 18102 | Lair:5   | Found a staircase to the Slime Pits.
 18764 | Lair:6   | Entered Level 6 of the Lair of Beasts
 19520 | Lair:6   | HP: 4/99 [catoblepas (18)]
 19973 | Lair:6   | Received a gift from Okawaru
 20216 | Lair:4   | Killed Kirke
 20243 | Lair:4   | Identified Erengiok's Grimoire of Ignition and the Escort
 20254 | Lair:4   | Identified the +5 mace "Regeywith" {pain, Int+2} (You found
                  | it on level 4 of the Lair of Beasts)
 20748 | D:14     | Found a gate to the Vaults.
 20848 | D:14     | Reached skill level 14 in Fighting
 20866 | D:14     | Received a gift from Okawaru
 20874 | D:14     | Got an agate-encrusted chain mail {god gift}
 20885 | D:14     | Identified the +8 chain mail of Fortitude {Str+2} (Okawaru
                  | gifted it to you on level 14 of the Dungeon)
 21304 | D:14     | Reached XP level 16. HP: 98/106 MP: 25/25
 21371 | D:14     | You fall through a shaft!
 21371 | D:15     | Entered Level 15 of the Dungeon
 21372 | D:15     | Cast into level 2 of the Abyss (a wizard)
 21641 | D:15     | Escaped the Abyss
 21662 | D:15     | Noticed Rupert
 21943 | D:15     | Noticed Roxanne
 22010 | D:15     | Found a staircase to the Depths.
 22159 | D:15     | Found an opulent altar of Gozag.
 22210 | D:15     | Killed Rupert
 22308 | D:15     | Received a gift from Okawaru
 22360 | D:15     | Reached skill level 15 in Fighting
 22888 | D:15     | Killed Roxanne
 23034 | Depths:1 | Entered Level 1 of the Depths
 23038 | Depths:1 | Got a shimmering jade ring
 23039 | Depths:1 | Identified the ring of the Will of the Gods {+Blink Str+2
                  | SInv} (You found it on level 1 of the Depths)
 23048 | Depths:1 | Found Lianasule's Book Emporium.
 23055 | Depths:1 | Noticed Asterion
 23452 | Depths:1 | Noticed Nikola
 23488 | Depths:1 | Killed Nikola
 23488 | Depths:1 | Reached skill level 15 in Maces & Flails
 23852 | Depths:1 | Reached XP level 17. HP: 61/113 MP: 26/26
 23934 | Depths:1 | Received a gift from Okawaru
 23990 | Depths:1 | Found Iqautaheuts's Antique Armour Shop.
 24149 | Orc:1    | Entered Level 1 of the Orcish Mines
 24897 | Orc:1    | Noticed Erica
 24903 | Orc:1    | Killed Erica
 24903 | Orc:1    | Reached skill level 16 in Fighting
 25009 | Orc:2    | Entered Level 2 of the Orcish Mines
 25320 | Orc:2    | Found Wasu Roh's Gadget Shoppe.
 25320 | Orc:2    | Found a staircase to the Elven Halls.
 25343 | Orc:2    | Bought a wand of clouds (6) for 510 gold pieces
 25351 | Orc:2    | Found Ifonill's Armour Boutique.
 25355 | Orc:2    | Found Iliruhun's Antique Armour Emporium.
 25514 | Orc:2    | Reached skill level 10 in Shields
 25671 | Orc:2    | Bought the +2 hat of the Bear Spirit {Spirit, +Rage rN+
                  | MR++} for 1251 gold pieces
 25671 | Orc:2    | Found the +2 hat of the Bear Spirit {Spirit, +Rage rN+
                  | MR++}
 26069 | Orc:2    | Found Hukhilaz's Jewellery Emporium.
 26253 | Orc:2    | Found Zatew's Assorted Antiques.
 26253 | Orc:2    | Found Pyci Pen's Distillery.
 26258 | Orc:2    | Found Werero's Magic Scroll Boutique.
 26258 | Orc:2    | Found Qurafius's General Store.
 26264 | Orc:2    | Bought a potion of heal wounds for 65 gold pieces
 26264 | Orc:2    | Bought a potion of heal wounds for 65 gold pieces
 26266 | Orc:2    | Bought a scroll of teleportation for 48 gold pieces
 26266 | Orc:2    | Bought a scroll of teleportation for 48 gold pieces
 26267 | Orc:2    | Bought a scroll of identify for 24 gold pieces
 26324 | Elf:1    | Entered Level 1 of the Elven Halls
 26356 | Elf:1    | Found a radiant altar of Vehumet.
 26378 | Elf:1    | Noticed Aizul
 26409 | Elf:1    | Killed Aizul
 26594 | Elf:1    | Noticed Donald
 26615 | Elf:1    | Found a ruined gateway.
 26617 | Elf:1    | Found a glowing silver altar of Zin.
 26617 | Elf:1    | Found a white marble altar of Elyvilon.
 26617 | Elf:1    | Found a glowing golden altar of the Shining One.
 26626 | Desolati | Entered the Desolation of Salt
 26681 | Desolati | Killed from afar by a crystal guardian

Levels and vault maps discovered:
D:1:      dpeg_arrival_subterranean_lakeside_camping, layout_basic,
          minmay_indecisive_spiral
D:2:      layout_rooms, ashenzari_conservatory_becter, uniq_natasha, uniq_robin
D:3:      layout_basic, nicolae_ru_great_annihilating_truth, serial_park_tiny_1,
          minmay_misc_feat_tower, minmay_misc_feat_plants
D:4:      layout_loops_ring, gammafunk_temple_overflow_arena,
          gammafunk_ghost_mausoleum, minmay_misc_feat_tiny, uniq_ijyb
D:5:      layout_basic, ebering_ghost_disaster_area, first_ration
D:6:      layout_rooms, minmay_temple_entry_statues_fountains, uniq_eustachio
D:7:      layout_basic, lemuel_crystal_altar, corexii_leaking_fountain,
          uniq_duvessa
D:8:      layout_rooms, kennysheep_mini_moat,
          chequers_temple_overflow_statue_of_worship, uniq_psyche,
          uniq_gastronok
D:9:      minmay_cornered_nines, layout_basic, lemuel_round_altar,
          hangedman_ranch [blue_anna_fruit_fields],
          nicolae_qazlal_eye_of_the_storm
D:10:     layout_stronghold, erik_lair_island, orc_0_dummy, serial_shops,
          nicolae_shop_waterfront
D:11:     layout_gridville
D:12:     layout_grid_maze, portal_ice_cave_entry_pillars_2,
          nicolae_dithmenos_shadow_blocks
D:13:     layout_gridville
D:14:     layout_gridville, erik_vaults_2, minmay_joined_circles
D:15:     grunt_enter_depths_hoard, layout_rooms,
          chequers_serial_rivers_micro_d,
          nicolae_gozag_cash_rules_everything_around_me, uniq_rupert,
          uniq_roxanne
Temple:   minmay_temple_bridge_abc
Lair:1:   layout_hall_layers, st_stairs_3, small_statue_intersection,
          serial_bayou_shore_b, grunt_megastairs_2
Lair:2:   layout_loops_ring, basic_altar, ebering_ghost_disaster_area,
          hibernation_bobbens, infiniplex_staircase_pool
Lair:3:   pond_and_an_island_with_a_cottage, layout_regular_city,
          minmay_shoals_entry_centaurs, roderic_batcave
Lair:4:   layout_regular_city, dummy_snake_entry, enter_volcano_4, ice2_lemuel
Lair:5:   layout_roguey, minmay_slime_entry_pillars,
          infiniplex_staircase_pool_2, serial_bayou_shore_a,
          lemuel_fruit_fields, uniq_kirke
Lair:6:   grunt_lair_end_beastmaster, layout_concentric_octagons
Snake:1:  dpeg_oklob_gauntlet, layout_chambers, hangedman_snake_corridor_split
Orc:1:    layout_diamond_mine, elf_legates, uniq_erica
Orc:2:    grunt_orc_tribal_feast, layout_caves, serial_shops,
          nicolae_shop_behind_doors, shop, shop_statue, shop
Elf:1:    eino_elf_arrival_altar, layout_gridlike,
          portal_desolation_entry_holy_temple, minivault_28, drop_trap,
          uniq_aizul, uniq_donald
Depths:1: layout_cave_shapes, hangedman_abyss_or_decor_lesser_grid,
          serial_shops, shop, shop, grunt_hell_entry_dis_grunt,
          nicolae_two_hexagons, serial_bayou_ford_a, evilmike_minifort,
          uniq_asterion, uniq_saint_roka, uniq_sojobo, uniq_nikola
Abyss:2
IceCv:    ice_cave_caverns_03
Volcano:  volcano_grotto [vgs_statue_spotlight]
Desolation

Skill      XL: |  1  2  3  4  5  6  7  8  9 10 11 12 13 14 15 16 17 |
---------------+----------------------------------------------------+-----
Maces & Flails | 3 4 5 6 7 8 9 10 11 12 14 15 | 15.6
Fighting       | 4 5 6 7 8 9 10 11 12 14 15 16 | 16.1
Dodging        | 1 3 4 5 7 |  7.1
Shields        | 4 5 6 7 8 9 10 | 10.0
Armour         | 4 5 9 12 13 | 13.2
Invocations    | 3 6 8 10 12 13 | 13.1
Evocations     | 4 6 8 |  8.6

Action                   |  1- 3 |  4- 6 |  7- 9 | 10-12 | 13-15 | 16-18 || total
-------------------------+-------+-------+-------+-------+-------+-------++-------
Melee: Flail             |   154 |   103 |   361 |   940 |   240 |       ||  1798
       Morningstar       |       |       |       |       |  1604 |  1260 ||  2864
       Unarmed           |       |       |       |       |    11 |       ||    11
Invok: Heroism           |       |       |     1 |     6 |    11 |     7 ||    25
       Finesse           |       |       |       |     1 |     3 |     6 ||    10
 Abil: Stop Flying       |       |       |       |       |     3 |     1 ||     4
       Fly               |       |       |       |       |     2 |     1 ||     3
       Evoke Blink       |       |       |       |       |       |     2 ||     2
       Evoke Berserk Rag |       |       |       |       |       |     1 ||     1
Evoke: Wand              |       |       |     9 |     3 |     5 |    15 ||    32
  Use: Scroll            |     7 |     5 |     5 |    11 |    10 |    14 ||    52
       Potion            |     1 |     2 |     3 |       |     2 |     8 ||    16
 Stab: Paralysed         |       |     1 |       |       |       |       ||     1
       Petrified         |       |       |       |       |    21 |       ||    21
       Petrifying        |       |       |       |       |     2 |       ||     2
  Eat: Chunk             |     2 |     3 |    10 |    17 |    20 |    12 ||    64
       Ration            |       |       |     1 |     4 |     5 |     3 ||    13
Armor: Scale mail        |    96 |    35 |       |       |       |       ||   131
       Chain mail        |       |    16 |   168 |    16 |    93 |   756 ||  1049
       Crystal plate arm |       |       |       |   704 |  1011 |       ||  1715
       Fire dragon scale |       |       |       |       |   397 |       ||   397
Dodge: Dodged            |    50 |    27 |    60 |   151 |   780 |   645 ||  1713
Block: Shield            |    95 |    51 |   164 |   763 |    67 |       ||  1140
       Reflection        |       |       |       |    10 |    42 |     7 ||    59
       Buckler           |       |       |       |       |  1444 |   531 ||  1975
       Other             |       |       |       |       |     1 |       ||     1

Table legend:
 A = Non-vault XP
 B = Vault XP
 C = Vault XP percentage of total XP
 D = Non-vault monster count
 E = Vault monster count
 F = Vault count percentage of total count
                 A         B        C        D         E       F
            +---------+---------+-------+---------+---------+-------
      Total |  124616 |   96372 |  43.6 |     617 |     270 |  30.4
            +---------+---------+-------+---------+---------+-------
        D:1 |      19 |      16 |  45.7 |      13 |      10 |  43.5
        D:2 |     102 |      72 |  41.4 |      20 |      14 |  41.2
        D:3 |      23 |      51 |  68.9 |      13 |       4 |  23.5
        D:4 |     302 |     412 |  57.7 |      13 |       5 |  27.8
        D:5 |     246 |     187 |  43.2 |      17 |       1 |   5.6
        D:6 |     742 |     191 |  20.5 |      25 |       1 |   3.8
        D:7 |    1907 |     216 |  10.2 |      20 |       2 |   9.1
        D:8 |    1175 |    2637 |  69.2 |      20 |       2 |   9.1
        D:9 |    3194 |    3642 |  53.3 |      25 |      11 |  30.6
       D:10 |    1623 |     663 |  29.0 |      21 |       7 |  25.0
       D:11 |    3910 |       0 |   0.0 |      28 |       0 |   0.0
       D:12 |    8638 |       0 |   0.0 |      43 |       0 |   0.0
       D:13 |   10145 |       0 |   0.0 |      45 |       0 |   0.0
       D:14 |    3650 |   13723 |  79.0 |      16 |      23 |  59.0
       D:15 |   10069 |    6917 |  40.7 |      31 |       4 |  11.4
     Lair:1 |    2954 |    1564 |  34.6 |       9 |       9 |  50.0
     Lair:2 |    4125 |    1084 |  20.8 |      14 |       1 |   6.7
     Lair:3 |    2957 |    1196 |  28.8 |      16 |      14 |  46.7
     Lair:4 |    5739 |    4431 |  43.6 |      19 |      10 |  34.5
     Lair:5 |   10492 |     544 |   4.9 |      27 |       4 |  12.9
     Lair:6 |    9037 |    9531 |  51.3 |      36 |      18 |  33.3
    Snake:1 |       0 |    4853 | 100.0 |       0 |      11 | 100.0
      Orc:1 |    6439 |    6468 |  50.1 |      55 |      14 |  20.3
      Orc:2 |    2488 |    7374 |  74.8 |      19 |      27 |  58.7
      Elf:1 |    5645 |    5722 |  50.3 |       8 |       8 |  50.0
   Depths:1 |   19226 |    7920 |  29.2 |      30 |       7 |  18.9
    Abyss:2 |    9769 |       0 |   0.0 |      34 |       0 |   0.0
      IceCv |       0 |   10898 | 100.0 |       0 |      40 | 100.0
    Volcano |       0 |    4040 | 100.0 |       0 |      17 | 100.0
 Desolation |       0 |    2020 | 100.0 |       0 |       6 | 100.0
            +---------+---------+-------+---------+---------+-------
